 Dungeon Crawl Stone Soup version 0.30.0-5-g1a98f26d00 (webtiles) character file.

Game seed: 2307578067238731410

206 Sanktem7 the Chopper (level 5, 47/47 HPs)
             Began as a Minotaur Fighter on May 10, 2023.
             Quit the game on level 4 of the Dungeon.
             The game lasted 00:02:53 (2628 turns).

Sanktem7 the Chopper (Minotaur Fighter)             Turns: 2628, Time: 00:02:54

Health: 47/47      AC: 10    Str: 22    XL:     5   Next: 53%
Magic:  4/4        EV:  8    Int:  5    God:
Gold:   247        SH:  4    Dex: 10    Spells: 4/4 levels left

rFire   . . .        a - +0 war axe
rCold   . . .        c - +0 buckler
rNeg    . . .        h - +0 chain mail
rPois   .            (helmet restricted)
rElec   .            (no cloak)
rCorr   .            (no gloves)
SInv    .            r - +0 pair of boots
Will    .....        (no amulet) Stlth
                     (no ring)
HPRegen 0.27/turn    (no ring)
MPRegen 0.09/turn

%: no passive effects
@: no status effects
A: horns 2, retaliatory headbutt
a: no special abilities


You were on level 4 of the Dungeon.
You visited 1 branch of the dungeon, and saw 4 of its levels.

You collected 247 gold pieces.

Inventory:

Hand Weapons
 a - a +0 war axe (weapon)
Armour
 c - a +0 buckler (worn)
 h - a +0 chain mail (worn)
 r - a +0 pair of boots (worn)
Wands
 b - a wand of roots (5)
Scrolls
 e - 3 scrolls of vulnerability {unknown}
 g - 3 scrolls of teleportation {unknown}
 i - 3 scrolls of identify {unknown}
 j - a scroll of brand weapon {unknown}
 k - a scroll of immolation {unknown}
 u - a scroll of butterflies {unknown}
 v - a scroll of fog {unknown}
Potions
 d - 2 potions of might
 f - a potion of degeneration {unknown}
 l - a potion of lignification {unknown}
 m - a potion of flight {unknown}
 n - 2 potions of brilliance {unknown}
 o - a potion of haste {unknown}
 p - a potion of experience {unknown}
 q - a potion of cancellation {unknown}
 s - 3 potions of berserk rage {unknown}
 t - 3 potions of curing {unknown}
 w - a potion of attraction {unknown}


   Skills:
 + Level 4.4 Fighting
 + Level 4.9 Axes
 + Level 4.5 Armour
 + Level 1.0 Dodging
 + Level 0.1 Stealth
 + Level 4.6 Shields


You had 4 spell levels left.
You didn't know any spells.
Your spell library contained the following spells:

 Spells                   Type           Power      Damage    Failure   Level
 Necrotise                Necr           0%         1d4       99%         1
 Vampiric Draining        Necr           0%         2d6       100%        3
 Agony                    Necr           0%         N/A       100%        5


Dungeon Overview and Level Annotations

Branches:
Dungeon (4/15)
 Temple: D:4-7

Altars:
Makhleb


Innate Abilities, Weirdness & Mutations

You have a pair of horns on your head.
You reflexively headbutt those who attack you in melee.


Message History

The scorpion stings you but does no damage.
You closely miss the scorpion.
The scorpion is severely wounded.
The scorpion stings you. The scorpion barely misses you.
A scorpion is nearby!
You hit the scorpion.
You kill the scorpion!
Your Dodging skill increases to level 1!
You see here a scorpion corpse.
You pick up a book of Necromancy and begin reading...
You add the spells Necrotise, Vampiric Draining and Agony to your library.
Found a stone staircase leading down.
An adder comes into view.
The adder hisses angrily.
The adder bites you but does no damage. The adder barely misses you.
You closely miss the adder. Your headbutt misses the adder.
The adder bites you but does no damage.
You hit the adder.
The adder is lightly wounded.
The adder bites you but does no damage. The adder bites you.
You miss the adder.
The adder is lightly wounded.
You block the adder's attack. The adder bites you but does no damage.
You hit the adder.
The adder is heavily wounded.
The adder bites you but does no damage.
You barely miss the adder. Your headbutt misses the adder.
The adder is heavily wounded.
The adder bites you but does no damage. The adder barely misses you.
You closely miss the adder. Your headbutt misses the adder.
The adder is heavily wounded.
The adder bites you but does no damage. x2
You slash the adder!
You kill the adder!
No target in view!
No target in view!
No target in view!
No target in view!
No target in view!
Are you sure you want to abandon this character and quit the game? (Confirm with "yes".)

####.# .....# .#####
.# .# .# .#
######### .# #######
#.......# ## #...@.#
#.#####.# # .
.....###.###.#####.#
# .# ###
#........##.#
#####.###
#.###.###.##.##.##
##...... #.....#
#........# ##.....
####### #........#
....#.# ##.#..##.#
....#.## # #.......#
.......#.# #.......#


There were no monsters in sight!

Vanquished Creatures
  A scorpion (D:4)
  8 adders
  5 orcs
  6 bats
  7 endoplasms
  3 giant cockroaches (D:1)
  5 goblins
  7 hobgoblins
  3 jackals (D:4)
  4 kobolds
  3 quokkas
  5 ball pythons
  7 frilled lizards
  7 rats
71 creatures vanquished.

Notes
Turn   | Place    | Note
-------+----------+-------------------------------------------
     0 | D:1      | Sanktem7 the Minotaur Fighter began the quest for the Orb.
     0 | D:1      | Reached XP level 1. HP: 19/19 MP: 0/0
   140 | D:1      | Found a faded altar of an unknown god.
   289 | D:1      | Reached XP level 2. HP: 27/27 MP: 1/1
  1069 | D:2      | Reached XP level 3. HP: 33/33 MP: 2/2
  1404 | D:2      | Reached XP level 4. HP: 40/40 MP: 3/3
  1554 | D:3      | Found a burning altar of Makhleb.
  2495 | D:4      | Reached XP level 5. HP: 43/46 MP: 4/4
  2566 | D:4      | Reached skill level 1 in Dodging
  2628 | D:4      | Quit the game

Illustrated notes

Levels and vault maps discovered:
D:1:      evilmike_arrival_rings, layout_basic,
          shapermc_ecumenical_altar_flowoftime, minmay_split_cup_small
D:2:      layout_rooms, minmay_increasing_density
D:3:      layout_basic, lemuel_round_altar
D:4:      layout_loops_cross, kennysheep_generic_room_9

Skill      XL: |  1  2  3  4  5 |
---------------+----------------+-----
Fighting       | 4 |  4.4
Shields        | 4 |  4.6
Axes           | 3 4 |  4.9
Armour         | 4 |  4.5
Dodging        | 1 |  1.0
Stealth        | |  0.1

Action                     |  1- 3 |  4- 6 || total
---------------------------+-------+-------++-------
  Melee: War axe           |   101 |    85 ||   186
         Headbutt          |    10 |    10 ||    20
 Armour: Scale mail        |    12 |       ||    12
         Chain mail        |    59 |    51 ||   110
  Dodge: Dodged            |    47 |    30 ||    77
  Block: Buckler           |    28 |    18 ||    46
